 Dungeon Crawl Stone Soup version 0.23-a0-586-gacb4b3f4ce (webtiles) character file.

7235 Napalmbreeze the Destroyer (level 10, -4/54 HPs)
             Began as a Deep Elf Fire Elementalist on Dec 16, 2018.
             Was a Priest of Vehumet.
             Slain by a shadow (14 damage)
             ... on level 11 of the Dungeon on Dec 19, 2018.
             The game lasted 00:31:22 (12620 turns).

Napalmbreeze the Destroyer (DEFE)                  Turns: 12620, Time: 00:31:23

Health: -4/54      AC:  6    Str:  5    XL:     10   Next: 88%
Magic:  4/25       EV: 15    Int: 24    God:    Vehumet [***...]
Gold:   341        SH:  0    Dex: 15    Spells: 13/28 levels left

rFire    + . .     SeeInvis .   A - +2 dagger (venom)
rCold    . . .     Gourm    .   (no shield)
rNeg     . . .     Faith    .   u - +2 robe {MR+}
rPois    .         Spirit   .   y - +0 helmet
rElec    .         Reflect  .   (no cloak)
rCorr    .         Harm     .   z - +0 pair of gloves of Egalitarianism {rF+}
MR       ++...                  (no boots)
Stlth    ++........             (no amulet)
HPRegen  0.18/turn              (no ring)
MPRegen  0.19/turn              (no ring)

@: very slightly contaminated
A: no striking features
a: Renounce Religion


You were on level 11 of the Dungeon.
You worshipped Vehumet.
Vehumet was most pleased with you.
You were near starving.

You visited 2 branches of the dungeon, and saw 12 of its levels.

You collected 540 gold pieces.
You spent 199 gold pieces at shops.

Inventory:

Hand Weapons
 A - a +2 dagger of venom (weapon)
Missiles
 p - a throwing net (quivered)
Armour
 s - a +0 buckler
 u - a +2 robe of magic resistance (worn)
 y - a +0 helmet (worn)
 z - the +0 pair of gloves of Egalitarianism (worn) {rF+}
   (You found it on level 6 of the Dungeon)

   It protects you from fire.
Jewellery
 e - an uncursed amulet of the acrobat {unknown}
 t - an uncursed ring of ice
Wands
 g - a wand of acid (7)
 j - a wand of iceblast (7)
 C - a wand of paralysis (7)
Scrolls
 d - 3 scrolls of identify
 k - 2 scrolls of amnesia
 q - 3 scrolls of magic mapping
 r - 2 scrolls of blinking
 v - 4 scrolls of teleportation
 x - 4 scrolls of remove curse
 B - 2 scrolls of fog
 E - a scroll of enchant weapon
 F - 2 scrolls of enchant armour
Potions
 a - a potion of cancellation
 b - 5 potions of curing
 f - a potion of lignification
 h - 4 potions of might
 i - a potion of invisibility {unknown}
 m - 3 potions of magic
 n - 2 potions of brilliance {unknown}
 o - 4 potions of ambrosia {unknown}
 D - 2 potions of degeneration {unknown}
 G - a potion of flight {unknown}
Comestibles
 c - 25 rations


   Skills:
 + Level 2.7 Fighting
 + Level 4.9 Dodging
 - Level 2.4 Stealth
 - Level 4.5 Shields
 * Level 9.6 Spellcasting
 + Level 10.5 Conjurations
 + Level 8.2 Fire Magic
 + Level 6.4 Evocations


You had 13 spell levels left.
You knew the following spells:

 Your Spells              Type           Power        Failure   Level  Hunger
a - Flame Tongue          Conj/Fire      #####        1%          1    None
d - Conjure Flame         Conj/Fire      ######..     1%          3    None
e - Fireball              Conj/Fire      ######....   1%          5    ####...
f - Sticky Flame          Conj/Fire      ######..     1%          4    #......
s - Throw Flame           Conj/Fire      ######       1%          2    None

Your spell library contained the following spells:

 Spells                   Type           Power        Failure   Level  Hunger
 Searing Ray              Conj           ######       1%          2    None
 Inner Flame              Hex/Fire       ####....     1%          3    None


Dungeon Overview and Level Annotations

Branches:
Dungeon (11/15)            Temple (1/1) D:5             Orc (0/2) D:9
   Lair: D:8-11

Altars:
Ashenzari
Cheibriados
Dithmenos
Elyvilon
Fedhas
Gozag
Hepliaklqana
Makhleb
Nemelex Xobeh
Okawaru
Qazlal
Sif Muna
Uskayaw
Vehumet
Wu Jian
Xom
Yredelemnul
Zin
The Shining One

Shops:
D:4 [}=?   D:11 (

Annotations:
D:2 exclusion: downstairs


Message History

The fireball engulfs the centaur.
The centaur is heavily wounded.
You hear a howl!
The centaur wields a +0 shortbow.
The centaur shoots an arrow.
The arrow hits you.
Casting: Fireball (safe; 1% risk of failure)
Confirm with . or Enter, or press ? or * to list all spells.
Aiming: Fireball (safe; 1% risk of failure)
Press: ? - help, Shift-Dir - straight line You miscast Fireball.
You are very lightly contaminated with residual magic.
Lukewarm flames ripple over your body.
The centaur shoots an arrow.
The arrow hits you.
The centaur shoots an arrow.
The arrow hits you.
Casting: Fireball (safe; 1% risk of failure)
Confirm with . or Enter, or press ? or * to list all spells.
You don't have enough magic to cast that spell.
The centaur shoots an arrow.
The arrow hits you!
* * * LOW HITPOINT WARNING * * *
The shadow strikes at you from the darkness!
You die...

.# $. . .. cS ..
#.##c#
##.###..#.#
.........% ##
.......). ..
.......c######.#
.......>)......#
......(##.(@####
####### #.#.#
#.#..# #.##.#
..# .. .## ##?
## .. #.


You could see a centaur.

Vanquished Creatures
  A two-headed ogre (D:9)
  Pikel (D:6)
  An ugly thing (D:11)
  A troll (D:9)
  A hippogriff (D:9)
  A vampire (D:9)
  Menkaure (D:6)
  A hungry ghost (D:11)
  2 soldier ants (D:9)
  Duvessa (D:4)
  A phantom (D:10)
  A sky beast (D:9)
  2 ice beasts (D:7)
  4 slaves
  3 black bears
  An orc warrior (D:6)
  2 eyes of draining
  5 ogres
  11 centaurs
  A crocodile (D:10)
  A big kobold (D:10)
  5 bullfrogs
  A wyvern zombie (D:7)
  Dowan (D:4)
  A wyvern skeleton (D:9)
  2 scorpions
  3 killer bees (D:11)
  7 wights (D:9)
  2 crimson imps (D:7)
  A quasit (D:7)
  7 hounds
  3 jellies
  2 orc priests (D:5)
  7 orc wizards
  A bullfrog skeleton (D:9)
  3 iguanas
  Natasha (thrice) (D:3)
  6 worker ants
  2 hound zombies
  4 gnolls
  9 adders
  3 shadow imps
  2 oozes
  2 adder zombies
  2 adder skeletons
  5 worms
  2 dart slugs (D:1)
  7 leopard geckos
  28 orcs
  3 giant cockroaches
  2 hobgoblins
  13 jackals
  13 kobolds
  4 quokkas
  7 bats
  8 frilled lizards
  4 goblins
  A leopard gecko skeleton (D:5)
  A quokka skeleton (D:7)
  9 rats
229 creatures vanquished.

Vanquished Creatures (others)
  2 plants (D:3)
2 creatures vanquished.

Grand Total: 231 creatures vanquished

Notes
Turn   | Place    | Note
-------+----------+-------------------------------------------
     0 | D:1      | Napalmbreeze the Deep Elf Fire Elementalist began the quest
                  | for the Orb.
     0 | D:1      | Reached XP level 1. HP: 10/10 MP: 6/6
   194 | D:1      | Reached XP level 2. HP: 11/15 MP: 6/8
   203 | D:1      | Learned a level 2 spell: Throw Flame
   238 | D:1      | Reached skill level 2 in Conjurations
   518 | D:1      | Upgraded the game from 0.23-a0-582-g1b4a0ca2fb to
                  | 0.23-a0-586-gacb4b3f4ce
   522 | D:1      | Reached XP level 3. HP: 19/19 MP: 3/10
  1138 | D:2      | Learned a level 3 spell: Conjure Flame
  1175 | D:2      | Found a stormy altar of Qazlal.
  1336 | D:2      | Found a deep blue altar of Sif Muna.
  1609 | D:2      | Found a shadowy altar of Dithmenos.
  1663 | D:2      | Reached skill level 3 in Conjurations
  2041 | D:2      | Reached XP level 4. HP: 24/24 MP: 8/11
  2047 | D:2      | Learned a level 4 spell: Sticky Flame
  2955 | D:3      | Noticed Natasha
  2961 | D:3      | Killed Natasha
  2961 | D:3      | Reached XP level 5. HP: 27/28 MP: 5/13
  3062 | D:3      | Reached skill level 4 in Conjurations
  3451 | D:3      | Noticed Natasha
  3455 | D:3      | Killed Natasha
  3526 | D:3      | Noticed Natasha
  3529 | D:3      | Killed Natasha
  3699 | D:4      | Found Zeul's Gadget Emporium.
  3710 | D:4      | Reached skill level 5 in Spellcasting
  3710 | D:4      | Reached XP level 6. HP: 31/32 MP: 5/15
  3717 | D:4      | Learned a level 5 spell: Fireball
  3767 | D:4      | Reached skill level 5 in Conjurations
  3985 | D:4      | Bought a wand of iceblast (8) for 144 gold pieces
  3988 | D:4      | Noticed Dowan
  3990 | D:4      | Noticed Duvessa
  4024 | D:4      | Killed Duvessa
  4024 | D:4      | Reached skill level 5 in Fire Magic
  4125 | D:4      | Killed Dowan
  4125 | D:4      | Reached skill level 1 in Evocations
  4171 | D:4      | Reached XP level 7. HP: 36/36 MP: 0/17
  4362 | D:4      | Found Daupla Kinuc's Antique Armour Boutique.
  4452 | D:4      | Found Mueqarec's Magic Scroll Shoppe.
  4457 | D:4      | Bought a scroll of identify for 22 gold pieces
  4457 | D:4      | Bought a scroll of teleportation for 33 gold pieces
  4742 | D:4      | Found a hazy altar of Hepliaklqana.
  5172 | D:4      | Reached skill level 6 in Conjurations
  5375 | D:4      | Found Uniblaem's Jewellery Shoppe.
  5404 | D:5      | Entered Level 5 of the Dungeon
  5690 | D:5      | Found a glowing golden altar of the Shining One.
  5737 | D:5      | Found a staircase to the Ecumenical Temple.
  5931 | D:6      | Noticed Pikel
  6135 | D:6      | Reached XP level 8. HP: 41/41 MP: 7/19
  6262 | D:5      | Reached skill level 7 in Conjurations
  6399 | D:5      | Found an opulent altar of Gozag.
  6837 | D:6      | Killed Pikel
  6837 | D:6      | Reached skill level 8 in Conjurations
  6969 | D:6      | Noticed Menkaure
  6971 | D:6      | Killed Menkaure
  7095 | D:6      | Got a pair of encrusted gloves
  7101 | D:6      | Identified the +0 pair of gloves of Egalitarianism {rF+}
                  | (You found it on level 6 of the Dungeon)
  7213 | Temple   | Entered the Ecumenical Temple
  7231 | Temple   | Became a worshipper of Vehumet
  7346 | D:6      | Found a sparkling altar of Nemelex Xobeh.
  7605 | D:7      | Reached XP level 9. HP: 45/45 MP: 9/22
  7760 | D:7      | Found a burning altar of Makhleb.
  8100 | D:7      | Reached skill level 9 in Conjurations
  8187 | D:7      | Found a basalt altar of Yredelemnul.
  8247 | D:7      | Reached skill level 5 in Evocations
  8253 | D:7      | Reached * piety under Vehumet
  8253 | D:7      | Offered knowledge of Sting by Vehumet.
  8474 | D:7      | Found a white marble altar of Elyvilon.
  8948 | D:8      | Found a shattered altar of Ashenzari.
  9451 | D:9      | Found a shimmering altar of Xom.
  9518 | D:9      | Noticed a troll
  9570 | D:9      | Reached skill level 1 in Fighting
  9951 | D:9      | Found a snail-covered altar of Cheibriados.
 10088 | D:9      | Noticed a two-headed ogre
 10093 | D:9      | Killed a two-headed ogre
 10093 | D:9      | Reached XP level 10. HP: 53/53 MP: 3/24
 10296 | D:9      | Reached skill level 10 in Conjurations
 10321 | D:9      | Noticed a +0 hand axe
 10321 | D:9      | Noticed a +0 dagger
 10322 | D:9      | Found a hide-covered altar of Uskayaw.
 10569 | D:9      | Offered knowledge of Freeze by Vehumet.
 10581 | D:9      | Reached ** piety under Vehumet
 10799 | D:9      | Found a staircase to the Orcish Mines.
 11280 | D:10     | Entered Level 10 of the Dungeon
 11508 | D:10     | Reached skill level 1 in Shields
 11861 | D:10     | Offered knowledge of Searing Ray by Vehumet.
 12160 | D:11     | Found Xidwipp's Weapon Shop.
 12201 | D:11     | Noticed a white ugly thing
 12209 | D:11     | Killed a white ugly thing
 12615 | D:11     | Reached *** piety under Vehumet
 12620 | D:11     | Slain by a shadow

Vault maps used:
D:1:      mrwooster_arrival_statue_3, minmay_heptomino_w4
D:2:      overflow_temple_1_default, grunt_dithmenos_smoke,
          grunt_qazlal_sundering, first_ration
D:3:      serial_bayou, serial_bayou_shore_a, serial_bayou_lake_a,
          serial_bayou_lagoon_a, serial_bayou_ford_a, minmay_misc_feat_columns,
          uniq_natasha
D:4:      overflow_temple_1_default, serial_shops, shop, shop,
          nicolae_shop_temple_entry_statues_fountains, nicolae_shop_stone,
          uniq_duvessa
D:5:      tso_metal_star, kennysheep_little_box,
          minmay_temple_entry_from_below_a
D:6:      nemelex_altar_shiori, uniq_menkaure, uniq_pikel
D:7:      kennysheep_ying_yang, makhleb_grotto_becter
D:8:      nicolae_ashenzari_panopticon
D:9:      old_standard_altar, dancing_weapons_uskayaw, orc_0_dummy,
          hangedman_pestilent_swarm, lemuel_tele_altar
D:11:     lair_entry_dummy, serial_shops, nicolae_shop_stone, moated_statue,
          minmay_fractal_squares_5
Temple:   compressed_dpeg_triangle_lava_temple

Skill      XL: |  1  2  3  4  5  6  7  8  9 10 |
---------------+-------------------------------+-----
Conjurations   | 2 3 4 5 6 8 9 10 | 10.5
Fire Magic     | 4 5 6 7 8 |  8.2
Spellcasting   | 4 5 6 7 8 9 |  9.6
Evocations     | 1 3 4 5 6 |  6.4
Fighting       | 1 2 |  2.7
Dodging        | 3 4 |  4.9
Shields        | 4 |  4.5
Stealth        | |  2.4

Action                   |  1- 3 |  4- 6 |  7- 9 | 10-12 || total
-------------------------+-------+-------+-------+-------++-------
Melee: Unarmed           |    20 |     2 |       |       ||    22
       Short sword       |       |       |    13 |       ||    13
       Dagger            |       |       |    41 |     5 ||    46
Throw: Stone             |     4 |     1 |       |       ||     5
       Throwing net      |       |       |     1 |       ||     1
 Cast: Flame Tongue      |    50 |    61 |   103 |    39 ||   253
       Throw Flame       |    21 |    38 |    71 |    43 ||   173
       Conjure Flame     |     2 |     4 |     1 |     4 ||    11
       Sticky Flame      |       |     2 |    19 |    10 ||    31
       Fireball          |       |     1 |    21 |    28 ||    50
Evoke: Wand              |       |       |     1 |       ||     1
  Use: Potion            |       |     1 |       |     1 ||     2
       Scroll            |       |       |       |    14 ||    14
 Stab: Sleeping          |       |       |     1 |       ||     1
  Eat: Chunk             |     4 |     7 |    20 |    13 ||    44
       Ration            |       |       |     1 |       ||     1
Armor: Robe              |     9 |     1 |    16 |    11 ||    37
Dodge: Dodged            |    27 |    16 |    62 |    30 ||   135

Table legend:
 A = Non-vault XP
 B = Vault XP
 C = Vault XP percentage of total XP
 D = Non-vault monster count
 E = Vault monster count
 F = Vault count percentage of total count
                 A         B        C        D         E       F
            +---------+---------+-------+---------+---------+-------
      Total |    8816 |    1521 |  14.7 |     208 |      17 |   7.6
            +---------+---------+-------+---------+---------+-------
        D:1 |      45 |      16 |  26.2 |      26 |       7 |  21.2
        D:2 |      50 |       0 |   0.0 |      13 |       0 |   0.0
        D:3 |     215 |      35 |  14.0 |      25 |       1 |   3.8
        D:4 |     407 |     220 |  35.1 |      21 |       2 |   8.7
        D:5 |     407 |       0 |   0.0 |      19 |       0 |   0.0
        D:6 |     432 |     824 |  65.6 |       8 |       2 |  20.0
        D:7 |     992 |      50 |   4.8 |      22 |       1 |   4.3
        D:8 |     254 |       0 |   0.0 |       7 |       0 |   0.0
        D:9 |    3135 |     376 |  10.7 |      33 |       4 |  10.8
       D:10 |    1027 |       0 |   0.0 |      19 |       0 |   0.0
       D:11 |    1852 |       0 |   0.0 |      15 |       0 |   0.0
            +---------+---------+-------+---------+---------+-------
